 Dungeon Crawl Stone Soup version 0.28-b1-25-g9875b3fc8c (webtiles) character file.

Game seed: 4395497833632930542

18 cbfl8 the Sneak (level 2, 0/27 HPs)
             Began as a Minotaur Delver on Feb 2, 2022.
             Slain by a jackal (3 damage)
             ... on level 1 of the Dungeon.
             The game lasted 00:02:22 (784 turns).

cbfl8 the Sneak (Minotaur Delver)                    Turns: 784, Time: 00:02:24

Health: 0/27       AC:  3    Str: 16    XL:     2   Next: 48%
Magic:  1/1        EV: 12    Int:  7    God:
Gold:   35         SH:  0    Dex: 11    Spells: 1/1 levels left

rFire   . . .      SeeInvis .   a - +1 hand axe
rCold   . . .      Faith    .   (no shield)
rNeg    . . .      Spirit   .   b - +0 leather armour
rPois   .          Reflect  .   (helmet restricted)
rElec   .          Harm     .   (no cloak)
rCorr   .          Rampage  .   (no gloves)
Will    .....                   (no boots)
Stlth   ++........              (no amulet)
HPRegen 0.09/turn               (no ring)
MPRegen 0.07/turn               (no ring)

@: no status effects
A: horns 2, retaliatory headbutt
a: no special abilities


You were on level 1 of the Dungeon.
You visited 1 branch of the dungeon, and saw 5 of its levels.

You collected 35 gold pieces.

Inventory:

Hand Weapons
 a - a +1 hand axe (weapon)
Armour
 b - a +0 leather armour (worn)
Magical Staves
 h - a staff of cold
Wands
 g - a wand of digging (3)
Scrolls
 c - a scroll of fog
 e - a scroll of fear
Potions
 i - a potion of curing {unknown}


   Skills:
 + Level 3.7 Fighting
 + Level 2.6 Axes
 + Level 0.4 Armour
 + Level 2.3 Dodging
 + Level 4.4 Stealth


You had one spell level left.
You didn't know any spells.
Your spell library contained the following spells:

 Spells                   Type           Power      Damage    Failure   Level
 Chain Lightning          Conj/Air       0%         N/A       100%        9
 Fire Storm               Conj/Fire      0%         5d1       100%        9
 Shatter                  Erth           0%         3d5*      100%        9


Dungeon Overview and Level Annotations

Branches:
Dungeon (5/15)
 Temple: D:4-7

Altars:
Ashenzari
Cheibriados
Elyvilon

Annotations:
D:2 Robin, Sigmund


Innate Abilities, Weirdness & Mutations

You have a pair of horns on your head.
You reflexively headbutt those who attack you in melee.


Message History

The adder closely misses you.
You climb upwards.
Reactivating autopickup.
Found a silvery potion.
There is a stone staircase leading down here.
The adder closely misses you.
The jackal barks!
The kobold shouts!
You hear a bark!
The adder bites you.
You hear a bark!
The rat barely misses you. The adder barely misses you.
Your extra speed is starting to run out.
The adder misses you.
A hobgoblin comes into view.
You feel yourself slow down. The adder bites you.
* * * LOW HITPOINT WARNING * * *
The adder closely misses you. You furiously retaliate!
You headbutt the adder, but do no damage.
The adder closely misses you. The adder bites you but does no damage.
A rat comes into view.
The rat twitches its whiskers.
The adder barely misses you.
The rat twitches its whiskers.
As you read the scroll labelled HUTROF PUFUE, it crumbles to dust.
Your body is wracked with pain!
* * * LOW HITPOINT WARNING * * *
The adder convulses!
The jackal convulses!
The hobgoblin convulses!
The hobgoblin shouts!
It was a scroll of torment.
You hear a bark!
The adder bites you but does no damage.
The jackal bites you but does no damage.
The adder bites you.
* * * LOW HITPOINT WARNING * * *
As you read the scroll labelled ZULUUSHRAJA, it crumbles to dust.
It is a scroll of enchant weapon.
Your +0 hand axe glows red for a moment.
The jackal bites you.
You die...

..... ....
#... ###..
#.... #h...#
#.r.# #....#
#...# #....#
#..@# #....#
#.hS# #.h..#
#..r# #K...#
. #.g.#
#....# ..
#...###
#.>..# ...
#.....##
#..!.# ....
#####..#
#....#....#
##.#####....#
#....r....##


You could see an adder, a jackal, a hobgoblin and 2 rats.

Vanquished Creatures
  An adder (D:2)
  An endoplasm (D:4)
  2 giant cockroaches
  A goblin (D:2)
  A quokka (D:5)
  A ball python (D:4)
  A kobold (D:2)
  A rat (D:2)
9 creatures vanquished.

Notes
Turn   | Place    | Note
-------+----------+-------------------------------------------
     0 | D:5      | cbfl8 the Minotaur Delver began the quest for the Orb.
     0 | D:5      | Reached XP level 1. HP: 19/19 MP: 0/0
    17 | D:5      | Found a broken altar of Ashenzari.
   202 | D:5      | Found a white marble altar of Elyvilon.
   521 | D:2      | Found a snail-covered altar of Cheibriados.
   574 | D:2      | Reached XP level 2. HP: 24/27 MP: 1/1
   708 | D:2      | Noticed Robin
   712 | D:2      | Noticed Sigmund
   784 | D:1      | Slain by a jackal

Illustrated notes

Levels and vault maps discovered:
D:1:      kennysheep_arrival_forest, layout_basic,
          nicolae_ecumenical_lake_church, nicolae_figureground_pulse
D:2:      layout_basic, basic_altar, roderic_serpentine_path, uniq_robin,
          uniq_sigmund
D:3:      layout_loops_ring, uniq_ijyb
D:4:      layout_loops_ring, general_overflow_altar
D:5:      layout_basic, kennysheep_mini, ashenzari_altar_1

Action                   || total
-------------------------++-------
Melee: Hand axe          ||    11
       Headbutt          ||     3
  Use: Scroll            ||     3
       Potion            ||     1
 Stab: Sleeping          ||     2
Armor: Leather armour    ||    12
Dodge: Dodged            ||    15
